Map: Seeds of Aiur

Players

GreyAlpha - Winner!

  • Race: Protoss Protoss
  • Spawn Location: 1:00

A.I. 1 (Easy)

  • Race: Protoss Protoss
  • Spawn Location: 7:00

VOD

Have the link to the VOD?

Description

Time

  • Played on: July 3, 2018, 12:25 p.m.
  • Length: 20:34
Show
View Real Time Build Order
Export as new Build Order

GreyAlpha Protoss - Winner!

Build Orders:  

Get SALT Encoding   

  12  0:06  Probe  
  13  0:26  Pylon  
  13  0:38  Pylon  
  13  0:45  Pylon  
  13  0:58  Gateway  
  13  1:03  Gateway  
  13  1:19  Probe  
  13  1:21  Assimilator  
  14  1:32  Probe  
  15  1:39  Forge  
  15  1:44  Probe  
  16  1:52  Cybernetics Core  
  16  1:59  Zealot  
  18  2:10  Probe  
  19  2:22  Probe, Zealot  
  22  2:34  Probe  
  23  2:46  Probe  
  25  2:58  Assimilator  
  25  3:04  Probe  
  25  3:16  Probe  
  25  3:19  Stargate  
  26  3:22  Zealot x2  
  30  3:29  Probe  
  31  3:46  Robotics Facility  
  31  3:49  Zealot x2  
  35  3:58  Twilight Council  
  35  4:09  Zealot x2  
  39  4:38  Pylon  
  39  4:41  Pylon  
  39  4:45  Pylon  
  39  4:50  Pylon, Zealot  
  39  4:51  Zealot  
  43  5:00  Void Ray  
  43  5:13  Zealot x2  
  51  5:43  Dark Shrine, Fleet Beacon  
  51  6:01  Zealot x2  
  55  6:24  Void Ray  
  59  6:28  Zealot x2  
  63  6:44  Robotics Bay  
  63  7:07  Pylon  
  63  7:17  Nexus  
  63  7:35  Pylon  
  61  7:48  Void Ray  
  65  7:52  Zealot x2  
  69  8:07  Photon Cannon  
  69  8:22  Photon Cannon  
  69  8:24  Assimilator  
  69  8:30  Assimilator  
  69  8:45  Probe  
  70  8:57  Probe  
  71  9:09  Probe  
  72  9:21  Nexus  
  72  9:24  Dark Templar  
  74  9:33  Probe  
  75  9:45  Probe  
  76  9:59  Shield Battery  
  76  10:04  Shield Battery  
  76  10:09  Shield Battery  
  76  10:13  Dark Templar  
  78  10:29  Void Ray  
  82  10:42  Probe  
  83  10:54  Probe  
  83  10:55  Shadow Stride  
  84  11:01  Warp Gate  
  84  11:06  Probe  
  85  11:13  Blink  
  85  11:23  Extended Thermal Lance  
  85  11:57  Probe  
  86  12:10  Probe  
  86  12:14  Templar Archives  
  87  12:17  Probe  
  87  12:22  Probe  
  89  12:29  Probe  
  90  12:34  Probe  
  91  12:37  Stalker x2  
  91  12:41  Probe  
  96  12:46  Probe  
  95  12:53  Probe  
  95  12:55  Protoss Air Weapons Level 1  
  96  13:05  Probe  
  96  13:07  Stalker, Zealot  
  101  13:14  Charge  
  101  13:21  Psionic Storm  
  101  13:34  Stalker  
  101  13:37  Stalker  
  105  13:44  Probe  
  106  13:52  Pylon  
  106  13:54  Pylon  
  106  13:56  Probe, Pylon  
  106  13:58  Pylon  
  106  14:01  Pylon  
  107  14:04  Stalker  
  107  14:07  Stalker  
  107  14:08  Probe, Pylon  
  112  14:13  Pylon  
  112  14:15  Pylon  
  112  14:16  Pylon  
  112  14:20  Probe, Pylon  
  113  14:25  Photon Cannon  
  113  14:28  Photon Cannon  
  113  14:32  Probe  
  113  14:34  Stalker, Photon Cannon  
  113  14:37  Stalker  
  118  14:41  Void Ray  
  118  14:45  Probe  
  123  14:54  Resonating Glaives  
  123  14:57  High Templar  
  123  14:59  High Templar  
  127  15:25  Void Ray  
  131  15:31  Colossus  
  141  16:08  Void Ray  
  145  16:12  Stalker  
  145  16:13  Stalker  
  145  16:25  Colossus  
  141  16:27  Probe  
  148  16:39  Probe  
  149  16:42  Stalker  
  149  16:43  Stalker  
  153  16:51  Probe, Void Ray  
  158  17:03  Probe  
  157  17:12  Stalker  
  157  17:13  Stalker  
  165  17:34  Void Ray  
  167  17:42  Stalker x2  
  171  18:12  Stalker x2  
  173  18:17  Void Ray  
  179  18:42  Zealot  
  179  18:43  Zealot  
  179  18:53  Colossus  
  179  18:59  Void Ray  
  179  19:09  Zealot  
  179  19:10  Stalker  
  179  19:35  Probe  
  179  19:36  Stalker  
  179  19:39  Probe, Stalker  
  179  20:20  Archon  
Show
View Real Time Build Order
Export as new Build Order

A.I. 1 (Easy) Protoss 

Build Orders:  

Get SALT Encoding   

  12  0:04  Probe  
  13  0:16  Probe  
  14  0:25  Pylon  
  14  0:28  Probe  
  15  0:39  Probe  
  15  0:49  Assimilator  
  16  0:55  Gateway  
  16  0:58  Pylon  
  16  1:20  Assimilator  
  16  1:34  Zealot  
  16  1:45  Cybernetics Core  
  18  2:09  Pylon  
  18  2:11  Probe  
  18  2:13  Warp Gate  
  19  2:19  Probe  
  19  2:21  Stalker  
  21  2:28  Probe  
  23  2:40  Probe  
  24  2:52  Probe  
  24  2:53  Adept  
  27  3:04  Probe  
  28  3:24  Stalker  
  30  3:52  Adept  
  32  6:46  Probe  
  32  6:51  Stalker  
  35  6:57  Pylon, Nexus  
  35  7:15  Probe  
  35  7:16  Stalker  
  35  7:17  Robotics Facility  
  35  7:19  Pylon  
  38  7:28  Probe  
  39  7:41  Sentry  
  31  8:00  Observer  
  31  8:06  Stalker  
  31  8:10  Probe  
  35  8:13  Probe  
  35  8:16  Assimilator  
  35  8:17  Observer  
  36  8:20  Assimilator  
  36  8:21  Probe  
  36  8:22  Probe  
  39  8:30  Probe  
  39  8:31  Stalker  
  39  8:34  Probe  
  43  8:42  Probe  
  43  8:46  Probe  
  45  8:54  Probe  
  46  8:56  Zealot  
  46  8:58  Probe  
  49  9:04  Probe  
  50  9:10  Probe  
  50  9:12  Probe  
  52  9:21  Adept, Probe  
  52  9:22  Probe  
  56  9:34  Probe  
  56  9:35  Probe  
  58  9:46  Probe  
  58  9:47  Probe  
  60  9:58  Probe  
  60  9:59  Probe  
  62  11:52  Warp Prism  
  62  12:03  Gateway  
  62  12:05  Twilight Council  
  62  12:07  Forge  
  64  12:10  Robotics Bay  
  64  12:12  Stargate  
  64  12:15  Pylon  
  64  12:16  Warp Prism  
  66  12:32  Protoss Ground Weapons Level 1  
  66  12:36  Pylon  
  66  12:47  Templar Archives  
  66  12:50  Observer, Gravitic Boosters  
  62  12:52  Stalker  
  62  12:54  Gateway  
  55  13:15  Stalker  
  55  13:17  Nexus  
  57  13:37  Zealot  
  59  13:47  Gravitic Drive  
  59  13:59  High Templar  
  61  14:21  High Templar  
  63  14:26  Protoss Ground Armor Level 1  
  63  14:30  Probe  
  64  14:34  Probe  
  65  14:38  Assimilator  
  65  14:39  Probe  
  65  14:43  Assimilator, Archon, Probe  
  65  14:44  High Templar  
  69  15:06  High Templar  
  71  15:28  Archon  
  71  15:29  High Templar  
  73  15:47  Protoss Air Weapons Level 1  
  73  15:51  High Templar  
  75  16:06  Zealot  
  75  16:10  Pylon  
  73  16:20  Stalker  
  61  16:34  Stalker  
  63  16:47  Colossus  
  63  16:52  Probe  
  66  16:56  Probe  
  66  17:01  Probe, Stalker  
  51  17:05  Fleet Beacon, Probe  
  43  17:14  Probe, Zealot  
  45  17:18  Probe  
  44  17:26  Probe  
  44  17:28  Stalker  
  45  17:30  Probe  
  44  17:38  Probe  
  44  17:42  Probe, Stalker  
  43  17:50  Probe  
  34  17:54  Probe  
  34  17:55  Stalker  
  34  18:00  Nexus  
  34  18:02  Probe  
  34  18:03  Pylon  
  33  18:14  Probe  
  33  18:18  Probe  
  14  18:20  Forge  
  14  18:22  Cybernetics Core  
  14  18:23  Zealot  
  9  18:26  Probe  
Tags
 
Matchup
PvP
Spawn Locations
Cross Positions
Add a new tag
Caveats
  • Supply blocks, unpowered buildings, or Contaminate may cause inaccurate times.
  • Supply counts are checked every 10 seconds.